 Dungeon Sprint DCSS version 0.22.1-1-ga44c0e56f4 (webtiles) character file.

347 MuseOD the Covert (level 6, 0/35 HPs)
             Began as a Spriggan Enchanter on Sept 22, 2018.
             Was an Initiate of Dithmenos.
             Succumbed to a redback's poison
             ... in the Dungeon (Sprint II: "The Violet Keep of Menkaure").
             The game lasted 00:01:06 (123 turns).

MuseOD the Covert (Spriggan Enchanter)               Turns: 123, Time: 00:01:06

Health: 0/35       AC:  2    Str:  4    XL:     6   Next: 33%
Magic:  0/11       EV: 18    Int: 18    God:    Dithmenos [......]
Gold:   324        SH:  0    Dex: 17    Spells: 4/10 levels left

rFire    . . .     SeeInvis +   a - +1 dagger
rCold    . . .     Gourm    .   (shield restricted)
rNeg     . . .     Faith    .   b - +0 robe
rPois    .         Spirit   .   (helmet restricted)
rElec    .         Reflect  .   (no cloak)
rCorr    .         Harm     .   (gloves unavailable)
MR       +....     NoTele   +   (boots unavailable)
Stlth    +++++.....             (no amulet)
HPRegen  0.11/turn              (no ring)
MPRegen  0.12/turn              (no ring)

@: lethally poisoned (0 -> -40), very quick
A: very small, unfitting armour, see invisible, herbivore, speed 3, slow
metabolism 2
a: Renounce Religion


You were in the Dungeon.
You worshipped Dithmenos.
Dithmenos was noncommittal.
You were not hungry.

You visited 1 branch You collected 324 gold pieces.

Inventory:

Hand Weapons
 a - a +1 dagger (weapon)
Armour
 b - a +0 robe (worn)
Scrolls
 c - a scroll of remove curse {unknown}
 j - a scroll of blinking
Potions
 e - a potion of curing
 f - a potion of heal wounds
 g - a potion of haste
 h - 2 potions of magic
Comestibles
 d - a ration


   Skills:
 + Level 5.5 Fighting
 * Level 10.4 Short Blades
 - Level 3.0 Dodging
 + Level 11.2 Stealth
 - Level 2.6 Spellcasting
 - Level 3.6 Hexes


You had 4 spell levels left.
You knew the following spells:

 Your Spells              Type           Power        Failure   Level  Hunger
a - Corona                Hex            ###....      3%          1    #......
b - Ensorcelled Hibernat  Hex/Ice        #.....       12%         2    ##.....
c - Confuse               Hex            ###.....     12%         3    ###....

Your spell library contained the following spells:

 Spells                   Type           Power        Failure   Level  Hunger
 Tukima's Dance           Hex            ###.....     12%         3    ###....
 Dazzling Spray           Conj/Hex       #.....       24%         3    ###....


Dungeon Overview and Level Annotations

Branches:
Dungeon (1/1)

Altars:
Cheibriados
Dithmenos
Elyvilon
Fedhas
Gozag
Hepliaklqana
Kikubaaqudgha
Makhleb
Nemelex Xobeh
Okawaru
Qazlal
Ru
Sif Muna
Trog
Uskayaw
Vehumet
Wu Jian
Xom
Yredelemnul
Zin
The Shining One
Beogh
Jiyva
Lugonu


Innate Abilities, Weirdness & Mutations

You are very small and have problems with some larger weapons.
You are too small for most types of armour.
You have supernaturally acute eyesight. (SInv)
You are a herbivore.
You cover ground extremely quickly.
You need to consume almost no food.


Message History

Aiming: Ensorcelled Hibernation (safe; 12% risk of failure)
Press: ? - help, Shift-Dir - straight line, f - redback
Aim: a redback (lightly wounded, clinging, chance to defeat MR: 39%)
The redback resists with some effort.
The redback bites you.
You barely miss the redback.
The redback is lightly wounded.
The redback bites you!
* * * LOW HITPOINT WARNING * * *
Your magical contamination has completely faded away.
You closely miss the redback.
The redback is lightly wounded.
The redback closely misses you.
You barely miss the redback.
The redback is lightly wounded.
The redback bites you!
* * * LOW HITPOINT WARNING * * *
You are lethally poisoned!
The redback poisons you!
Unknown command.
You die...

##++## ##§§..### e§§....# ++
####....# ... #$.'....#
#..#.s####.# #.####..s.###
....#@.#...# ###..#####..#
%$$ #+###.##..#.$+^.# ▓%([([
##.##...#..#$D#..# ▓)?[?$$
+.<.+.##'..####..### ▓?%!!"%
##.##...#....###...##▓▓▓▓▓▓▓
#+###.##...§..≈≈≈≈≈≈≈≈≈≈≈≈≈
###≈≈§§..§≈#'########+#
#≈≈§≈≈≈≈..§#_._._...#≈≈


You could see a redback.

Vanquished Creatures
  4 necrophages (D)
  A spectral adder (D)
  A spectral jackal (D)
6 creatures vanquished.

Notes
Turn   | Place    | Note
-------+----------+-------------------------------------------
     0 | D        | MuseOD the Spriggan Enchanter began the quest for the Orb.
     0 | D        | Reached XP level 1. HP: 9/9 MP: 5/5
     1 | D        | Noticed a necrophage
     1 | D        | Noticed a necrophage
     1 | D        | Noticed a necrophage
     1 | D        | Noticed a necrophage
    14 | D        | Killed a necrophage
    14 | D        | Reached skill level 7 in Stealth
    14 | D        | Reached XP level 2. HP: 13/16 MP: 6/6
    14 | D        | Reached XP level 3. HP: 16/20 MP: 8/8
    14 | D        | Reached XP level 4. HP: 20/24 MP: 9/9
    20 | D        | Killed a necrophage
    20 | D        | Reached skill level 9 in Stealth
    20 | D        | Reached XP level 5. HP: 24/29 MP: 10/10
    24 | D        | Killed a necrophage
    24 | D        | Reached skill level 10 in Stealth
    30 | D        | Killed a necrophage
    30 | D        | Reached skill level 5 in Fighting
    30 | D        | Reached skill level 10 in Short Blades
    30 | D        | Reached skill level 11 in Stealth
    30 | D        | Reached XP level 6. HP: 30/35 MP: 11/11
    37 | D        | Learned a level 2 spell: Ensorcelled Hibernation
    41 | D        | Learned a level 3 spell: Confuse
    47 | D        | Found an iron altar of Okawaru.
    47 | D        | Found an opulent altar of Gozag.
    48 | D        | Found a sparkling altar of Nemelex Xobeh.
    48 | D        | Found a blossoming altar of Fedhas.
    49 | D        | Found a radiant altar of Vehumet.
    49 | D        | Found a burning altar of Makhleb.
    49 | D        | Found a white marble altar of Elyvilon.
    50 | D        | Found a hide-covered altar of Uskayaw.
    50 | D        | Found a corrupted altar of Lugonu.
    50 | D        | Found a shadowy altar of Dithmenos.
    53 | D        | Found a glowing silver altar of Zin.
    53 | D        | Found a bloodstained altar of Trog.
    53 | D        | Found an ancient bone altar of Kikubaaqudgha.
    54 | D        | Found a basalt altar of Yredelemnul.
    54 | D        | Found a deep blue altar of Sif Muna.
    54 | D        | Found a viscous altar of Jiyva.
    55 | D        | Found a shimmering altar of Xom.
    55 | D        | Found a sacrificial altar of Ru.
    57 | D        | Found a glowing golden altar of the Shining One.
    57 | D        | Found an ornate altar of the Wu Jian Council.
    57 | D        | Found a stormy altar of Qazlal.
    57 | D        | Found a snail-covered altar of Cheibriados.
    57 | D        | Found a hazy altar of Hepliaklqana.
    58 | D        | Found a roughly hewn altar of Beogh.
    65 | D        | Became a worshipper of Dithmenos the Shadowed
    76 | D        | Noticed a fire dragon
   107 | D        | Noticed a deep elf master archer
   110 | D        | Noticed a redback
   110 | D        | Noticed a redback
   123 | D        | Succumbed to a redback's poison

Skill      XL: |  1  2  3  4  5 |
---------------+----------------+-----
Fighting       | 3 4 5 |  5.5
Short Blades   | 6 8 10 | 10.4
Stealth        | 7 9 11 | 11.2
Dodging        | |  3.0
Spellcasting   | |  2.6
Hexes          | |  3.6

Action                   |  1- 3 |  4- 6 || total
-------------------------+-------+-------++-------
Melee: Dagger            |     8 |    30 ||    38
 Cast: Confuse           |       |     3 ||     3
       Ensorcelled Hiber |       |     1 ||     1
  Use: Potion            |     1 |       ||     1
 Stab: Sleeping          |       |     1 ||     1
Dodge: Dodged            |     5 |    17 ||    22
